Cogmind - Beta 12 X4 @@@ ROGUE MODE // 2023.01.04 @ 21:25:08 Player: Lunatic Blue Result: Destroyed by G-50 Soldier with Heavy Laser Performance ------------- Evolutions (4) 2000 Regions Visited (10) 2000 Robots Destroyed (166) 830 Value Destroyed (5149) 5149 Prototype IDs (10) 200 Alien Tech Used (0) 0 Bonus (2495) 2495 TOTAL SCORE: 12674 Bonus ------- High Alert Combat Kills 1090 Follower Combat Kills 47 Entered Garrisons 400 Used RIF Installer 1000 Friendly Fire -42 Cogmind --------- Core Integrity 0/850 Matter 102/300 Energy 85/100 System Corruption 5% Temperature Cool (18) Movement Core (150) Ox2 Location -6/Garrison Parts ------- > --- POWER (2) -------- (None) > --- PROPULSION (4) --- (None) > --- UTILITY (6) ------ (None) > --- WEAPON (3) ------- Heavy Missile Launcher Hammer > --- INVENTORY (5) ---- Heavy Ion Cannon Heavy Ion Cannon Remote Datajack Peak State ------------ > --- POWER ------------ Light Angular Momentum Engine Fission Core > --- PROPULSION ------- Light Treads Armored Treads Armored Treads Medium Treads > --- UTILITY ---------- Improved Heat Sink Advanced Heat Sink Huge Storage Unit Improved Sensor Array Signal Interpreter Light Armor Plating > --- WEAPON ----------- Field Laser Heavy Laser Heavy Laser > --- INVENTORY -------- Light Nuclear Core Light Nuclear Core Improved Deuterium Engine Light Treads Advanced Heat Sink Compact Battery Advanced Terrain Scanner Core Analyzer Light Armor Plating Relay Coupler [Swarmer] Relay Coupler [Grunt] Relay Coupler [Grunt] Improved Medium Laser Field Laser Field Laser Pulse Rifle Heavy Laser Advanced Beam Cannon Heavy Ion Cannon Heavy Ion Cannon Heavy Ion Cannon Heavy Missile Launcher Heavy Missile Launcher Remote Datajack Hammer [Rating: 54] Favorites ----------- Power Light Nuclear Core Engine Improved Ion Engine Power Core Light Nuclear Core Propulsion Light Treads Treads Light Treads Wheel Wheel Utility Improved Heat Sink Device Improved Heat Sink Storage High-capacity Storage Unit Processor Signal Interpreter Hackware Relay Coupler [Grunt] Protection Light Armor Plating Weapon Heavy Laser Energy Gun Heavy Laser Energy Cannon Beam Cannon Launcher Heavy Missile Launcher Special Weapon Remote Datajack Impact Weapon Hammer Build | -11 -10 -10 -9 -9 -8 -8 -8 -8 -6 -6 ------- Run | Scr Mat Min Mat Min Mat Sto Gar Rec Fac Gar Slots Evolved 8 | . . . 2 . 2 . . . 4 . Power 1 | . . . . . . . . . 1 . Propulsion 2 | . . . 1 . . . . . 1 . Utility 4 | . . . 1 . 1 . . . 2 . Weapon 1 | . . . . . 1 . . . . . Parts Attached 133 | 7 13 1 14 7 19 16 11 1 42 2 Power 14 | 1 1 . 1 1 . 2 2 . 6 . Engine 5 | 1 . . 1 . . . . . 3 . Core 9 | . 1 . . 1 . 2 2 . 3 . Reactor . | . . . . . . . . . . . Propulsion 31 | 2 3 1 3 1 6 4 3 . 8 . Treads 16 | 1 1 1 2 . 1 3 3 . 4 . Leg . | . . . . . . . . . . . Wheel 15 | 1 2 . 1 1 5 1 . . 4 . Hover . | . . . . . . . . . . . Flight . | . . . . . . . . . . . Utility 29 | 2 3 . 3 2 6 2 3 . 8 . Device 13 | 1 1 . 1 . 5 . 1 . 4 . Storage 5 | 1 2 . . . . 1 . . 1 . Processor 3 | . . . . 1 . . 1 . 1 . Hackware 1 | . . . . . . . . . 1 . Protection 7 | . . . 2 1 1 1 1 . 1 . Artifact . | . . . . . . . . . . . Weapon 59 | 2 6 . 7 3 7 8 3 1 20 2 Energy Gun 30 | 2 1 . 1 . 7 8 2 1 8 . Energy Cannon 13 | . 3 . 4 1 . . . . 5 . Ballistic Gun . | . . . . . . . . . . . Ballistic Cannon . | . . . . . . . . . . . Launcher 12 | . 1 . 1 2 . . 1 . 6 1 Special Weapon 1 | . . . . . . . . . 1 . Impact Weapon 3 | . 1 . 1 . . . . . . 1 Slashing Weapon . | . . . . . . . . . . . Piercing Weapon . | . . . . . . . . . . . Special Melee Weapon . | . . . . . . . . . . . Unidentified Prototypes 4 | . . . 2 . 1 1 . . . . Parts Lost 45 | . 6 1 2 4 4 4 7 . 17 . Power 7 | . 1 . . 1 . . 1 . 4 . Propulsion 17 | . 2 1 1 1 3 2 3 . 4 . Utility 12 | . 1 . 1 2 . 1 2 . 5 . Weapon 9 | . 2 . . . 1 1 1 . 4 . Highest Loss Streak 6 | . 2 1 1 2 1 3 4 . 6 . To Critical Strikes . | . . . . . . . . . . . Average Slot Usage (%) 95 | . 92 100 99 96 96 96 99 99 90 1 Engine 2 | . 4 . 9 3 . . . . 3 . Core 8 | . 8 14 1 7 9 8 8 9 5 . Treads 18 | . 14 14 10 11 8 23 26 27 19 . Wheel 8 | . 13 14 22 22 15 2 . . 3 . Device 15 | . 10 14 14 11 17 18 18 18 17 . Storage 9 | . 14 14 11 11 9 9 9 9 5 . Processor 1 | . . . . 3 4 . 3 . 5 . Protection 4 | . . . 7 4 4 8 6 9 3 . Energy Gun 15 | . 7 . . . 26 25 26 26 16 . Energy Cannon 8 | . 17 28 21 17 . . . . 1 . Naked Turns 85 | . . . . . . . . . 19 66 Heaviest Build 117 | 13 67 52 61 59 65 103 103 101 117 . Greatest Support 88 | 10 40 10 20 20 32 60 60 60 88 3 Greatest Overweight (x) 6 | 1 5 5 3 5 6 5 2 1 5 . Average Overweight (x) 2 | . 2 5 2 2 2 1 1 1 1 . Largest Inventory Capacity 25 | 8 20 20 20 20 20 25 25 25 25 5 Average Capacity 21 | 7 18 20 20 20 20 20 25 25 23 5 Most Carried 25 | 4 18 20 20 20 20 21 23 23 25 5 Average Carried 18 | 2 9 19 18 17 18 19 21 22 19 4 Final Capacity 25 | 8 20 20 20 20 20 25 25 25 5 5 Final Carried 23 | 4 18 17 20 16 20 21 22 23 5 3 Class Distribution -------------------- 31% | Scavenger-Tank 29% | Mutant 18% | Scavenger-Mutant 11% | Scavenger-Skirmisher 7% | Scavenger-Gunner Dominant Class ---------------- Mutant | -10/Materials Mutant | -10/Mines Scavenger-Mutant | -9/Materials Scavenger-Mutant | -9/Mines Scavenger-Gunner | -8/Materials Scavenger-Tank | -8/Storage Scavenger-Tank | -8/Garrison Scavenger-Tank | -8/Recycling Scavenger-Skirmisher | -6/Factory Mutant | -6/Garrison Resources | -11 -10 -10 -9 -9 -8 -8 -8 -8 -6 -6 ----------- Run | Scr Mat Min Mat Min Mat Sto Gar Rec Fac Gar Matter Collected 1809 | 246 184 10 152 67 233 247 148 43 479 . Remotely . | . . . . . . . . . . . Salvage Created 6079 | 24 503 177 621 183 616 1302 644 109 1813 87 Parts 315 | 3 31 10 36 10 20 63 24 11 104 3 Haulers Intercepted 10 | . 2 . 2 . 2 3 . . 1 . Recyclers Shooed 9 | . . . . . . . . . 9 . Parts Field Recycled . | . . . . . . . . . . . Retrieved Matter . | . . . . . . . . . . . Parts Self-Destructed . | . . . . . . . . . . . Prevented . | . . . . . . . . . . . Kills | -11 -10 -10 -9 -9 -8 -8 -8 -8 -6 -6 ------- Run | Scr Mat Min Mat Min Mat Sto Gar Rec Fac Gar Combat Hostiles Destroyed 115 | . 7 4 9 7 7 19 16 6 38 2 Guns 60 | . 4 . . . 4 18 9 6 19 . Cannons 15 | . . 4 7 4 . . . . . . AOE 31 | . 3 . . 3 . . 4 . 19 2 Classes Destroyed 17 | 1 6 . 2 1 1 1 4 1 . . Worker 9 | . 3 . . . . 2 . . 4 . Builder 14 | . 2 . . 1 1 . . . 10 . Tunneler 2 | 1 . . . . 1 . . . . . Hauler 10 | . 2 . 2 . 2 3 . . 1 . Recycler 8 | . 1 . 2 . 1 1 . 1 2 . Operator 2 | . . . . . . 2 . . . . Drone 6 | . . . . . . . . 6 . . Watcher 7 | . 3 . 2 . . . . . 2 . Swarmer 24 | . . . 3 3 . . 4 . 14 . Grunt 56 | . 7 4 2 3 5 13 3 . 17 2 Brawler 1 | . . . . . . . 1 . . . Duelist 2 | . . . . . . . 1 . 1 . Sentry 14 | . . . 4 . 1 5 2 . 2 . Specialist 2 | . . . . . . . 2 . . . Hunter 3 | . . . . . 1 1 1 . . . Programmer 6 | . . . . . . . 2 . 4 . Assembled 1 | . . . . 1 . . . . . . Best Kill Streak 21 | 1 7 2 4 6 4 6 5 2 21 2 Combat Bots Only 11 | . 4 2 2 6 4 4 5 2 11 2 Max Kills in Single Turn 5 | 1 3 1 2 2 2 1 4 1 5 2 Gunslinging 1 | . . . . . . . . . 1 . Exploded 4 | . 1 . . 2 . . 4 . 3 2 Melee . | . . . . . . . . . . . Uniques/NPCs Destroyed . | . . . . . . . . . . . Combat | -11 -10 -10 -9 -9 -8 -8 -8 -8 -6 -6 -------- Run | Scr Mat Min Mat Min Mat Sto Gar Rec Fac Gar Damage Taken 7119 | . 590 181 444 457 578 954 932 . 2535 448 Core 1477 | . 80 23 54 61 90 94 208 . 448 419 Absorbed by Shields . | . . . . . . . . . . . Regen/Repaired (Parts) 146 | . . . . . . 146 . . . . Core Remaining (%) 64 | 100 . 58 . 71 . . . 28 . . Volleys Fired 347 | 1 59 14 36 14 29 56 38 16 82 2 Largest 3 | 2 2 2 2 2 3 3 3 3 3 1 Hottest 229 | 80 120 120 136 136 189 201 201 201 229 39 Shots Fired 768 | 2 80 28 67 24 83 150 104 47 181 2 Gun 590 | 2 51 . . . 83 150 103 47 154 . Cannon 147 | . 24 28 66 20 . . . . 9 . Launcher 30 | . 5 . 1 4 . . 1 . 17 2 Special 1 | . . . . . . . . . 1 . Kinetic . | . . . . . . . . . . . Thermal 737 | 2 75 28 66 20 83 150 103 47 163 . Explosive 30 | . 5 . 1 4 . . 1 . 17 2 Electromagnetic . | . . . . . . . . . . . Robot Hit Streak 20 | 1 12 11 12 9 15 14 15 2 20 . Robot Miss Streak 8 | . 5 4 5 1 3 2 2 8 5 . Penetration Max . | . . . . . . . . . . . Secondary Targets 7 | . . . . . . 1 3 . 3 . Max Gunslinging Chain 1 | . . . . . . 1 1 . 1 . Shots Hit Robots 476 | 1 53 17 40 14 57 98 60 9 127 . Core Hits 302 | 1 40 6 16 14 18 44 24 8 126 5 Critical Kills 1 | . . . 1 . . . . . . . Critical Parts Destroyed . | . . . . . . . . . . . Critical Strikes 25 | . . . 1 . 5 5 8 3 3 . Burn 24 | . . . . . 5 5 8 3 3 . Meltdown 1 | . . . 1 . . . . . . . Melee Attacks 6 | . 4 . 1 . . . . . . 1 Impact 6 | . 4 . 1 . . . . . . 1 Slashing . | . . . . . . . . . . . Piercing . | . . . . . . . . . . . Sneak Attacks . | . . . . . . . . . . . Combat Hostiles . | . . . . . . . . . . . Follow-up Attacks . | . . . . . . . . . . . Damage Inflicted 13681 | 12 1155 338 816 702 1014 1850 1578 238 5646 332 Guns 7353 | 12 439 . . . 1014 1850 1165 238 2635 . Cannons 1741 | . 243 300 784 254 . . . . 160 . Explosions 4587 | . 473 38 32 448 . . 413 . 2851 332 Melee . | . . . . . . . . . . . Ramming . | . . . . . . . . . . . Kinetic . | . . . . . . . . . . . Thermal 9132 | 12 682 338 784 254 1014 1850 1165 238 2795 . Explosive 4549 | . 473 . 32 448 . . 413 . 2851 332 Electromagnetic . | . . . . . . . . . . . Impact . | . . . . . . . . . . . Slashing . | . . . . . . . . . . . Piercing . | . . . . . . . . . . . Highest Corruption 7 | . . . 5 5 5 6 7 7 3 5 Average Corruption 5 | . . . 5 5 5 5 6 7 2 3 Corruption Purged . | . . . . . . . . . . . Corruption Blocked . | . . . . . . . . . . . Effects 106 | . . . 10 5 5 25 24 22 14 1 Message Errors 29 | . . . 2 1 2 6 10 3 5 . Matter Fused 29 | . . . 4 4 . 7 4 7 3 . Heat Flow Errors 11 | . . . 1 . . 3 3 2 1 1 Energy Discharges 9 | . . . 2 . 1 1 2 3 . . Parts Rejected 4 | . . . . . . 2 1 1 . . Data Loss (minor) 11 | . . . . . 1 4 1 1 4 . Data Loss (major) 3 | . . . . . . 1 2 . . . Misfires 3 | . . . 1 . . 1 . 1 . . Alerts 2 | . . . . . . . . 2 . . Weapon Failures 5 | . . . . . 1 . 1 2 1 . Overload Shots . | . . . . . . . . . . . Overflow Damage 184 | . 2 . 7 31 . . . . 144 . Projectiles 24 | . 2 . 7 15 . . . . . . Explosions 160 | . . . . 16 . . . . 144 . Melee . | . . . . . . . . . . . Knockbacks . | . . . . . . . . . . . Impact . | . . . . . . . . . . . Kinetic . | . . . . . . . . . . . Secondary . | . . . . . . . . . . . Self-Inflicted Damage 328 | . 24 30 . 37 . . . . 127 110 Shots 12 | . 2 1 . 1 . . . . 6 2 Rammed . | . . . . . . . . . . . Targets Rammed . | . . . . . . . . . . . Kicked . | . . . . . . . . . . . Crushed . | . . . . . . . . . . . Highest Temperature 476 | 18 198 359 337 381 476 299 220 78 401 248 Average Temperature 93 | 12 70 110 80 202 160 86 54 35 91 137 Received Heat Transfer 2212 | . 279 84 117 214 234 468 162 . 576 78 Effects 7 | . . 1 . 1 3 . . . 2 . Shutdowns 4 | . . 1 . 1 1 . . . 1 . Matter Decay 1 | . . . . . 1 . . . . . Short Circuit 1 | . . . . . 1 . . . . . Damage (minor) 1 | . . . . . . . . . 1 . Siege Activations . | . . . . . . . . . . . Robots Corrupted . | . . . . . . . . . . . Combat Hostiles . | . . . . . . . . . . . Parts Fried . | . . . . . . . . . . . Impact Corruptions . | . . . . . . . . . . . Robots Melted 9 | . . . 2 . 3 1 3 . . . Combat Hostiles 9 | . . . 2 . 3 1 3 . . . Parts Melted 65 | . 2 1 5 2 11 11 16 1 16 . Heat Transferred 20230 | 25 1518 729 1517 444 2553 4107 2775 703 5859 . Parts Sabotaged . | . . . . . . . . . . . Parts Stolen . | . . . . . . . . . . . Parts Stripped . | . . . . . . . . . . . Power Chain Reactions . | . . . . . . . . . . . Missiles Intercepted . | . . . . . . . . . . . Alert | -11 -10 -10 -9 -9 -8 -8 -8 -8 -6 -6 ------- Run | Scr Mat Min Mat Min Mat Sto Gar Rec Fac Gar Peak Influence 1506 | 5 304 74 268 273 148 463 613 402 1506 1383 Initial 1065 | . 3 3 11 54 105 46 111 275 1065 1054 Average 327 | . 118 26 110 143 83 215 354 280 1098 1219 Maximum Alert Level 4 | . 1 . 1 1 . 2 2 2 4 4 Low Security (%) 56 | 100 77 100 94 80 100 69 12 20 . . Level 1 21 | . 22 . 5 20 . 18 58 78 . . Level 2 4 | . . . . . . 12 28 . . . Level 3 9 | . . . . . . . . . 62 8 Level 4 6 | . . . . . . . . . 37 91 Level 5 . | . . . . . . . . . . . High Security . | . . . . . . . . . . . Max Security . | . . . . . . . . . . . Squads Dispatched 19 | . 2 . 2 . 1 3 . . 11 . Investigation 7 | . 1 . 1 . 1 1 . . 3 . Extermination 3 | . . . . . . . . . 3 . Reinforcement 8 | . 1 . 1 . . 2 . . 4 . Assault 1 | . . . . . . . . . 1 . Garrison . | . . . . . . . . . . . Intercept . | . . . . . . . . . . . Searches Triggered 2 | . . . . . . . . . 2 . Construction Impeded 2 | . . . . . . . . . 2 . Haulers Reinforced . | . . . . . . . . . . . Active Scanning Responses . | . . . . . . . . . . . Cargo Convoy Interrupts . | . . . . . . . . . . . Stealth | -11 -10 -10 -9 -9 -8 -8 -8 -8 -6 -6 --------- Run | Scr Mat Min Mat Min Mat Sto Gar Rec Fac Gar Distress Signals 8 | . 2 . 2 . . 1 . . 3 . Communications Jammed . | . . . . . . . . . . . Distress Signals . | . . . . . . . . . . . Times Spotted 191 | . 15 4 15 21 11 21 24 14 54 12 Peak Tracking Total 14 | . 5 2 3 14 4 4 4 4 7 12 Tactical Retreats 9 | . . . 1 1 1 1 2 . 1 2 Traps | -11 -10 -10 -9 -9 -8 -8 -8 -8 -6 -6 ------- Run | Scr Mat Min Mat Min Mat Sto Gar Rec Fac Gar Traps Triggered 10 | . 2 . 2 . 1 1 1 . 3 . Indirectly . | . . . . . . . . . . . Trap Hack Attempts . | . . . . . . . . . . . Triggered . | . . . . . . . . . . . Disarmed . | . . . . . . . . . . . Reprogrammed . | . . . . . . . . . . . Reused . | . . . . . . . . . . . Traps Extracted . | . . . . . . . . . . . Installed . | . . . . . . . . . . . Triggered . | . . . . . . . . . . . Machines | -11 -10 -10 -9 -9 -8 -8 -8 -8 -6 -6 ---------- Run | Scr Mat Min Mat Min Mat Sto Gar Rec Fac Gar Machines Disabled 16 | . 1 1 1 . . 2 3 5 2 1 Max in Single Turn 2 | . 1 1 1 . . 1 2 . 1 1 Garrison Relay 2 | . . . . . . . 1 . . 1 Machines Sabotaged . | . . . . . . . . . . . Overloaded Fab Kills . | . . . . . . . . . . . Hacking | -11 -10 -10 -9 -9 -8 -8 -8 -8 -6 -6 --------- Run | Scr Mat Min Mat Min Mat Sto Gar Rec Fac Gar Machines Accessed 40 | . 7 . 6 . 3 5 1 10 4 4 Terminals 28 | . 6 . 6 . 2 1 1 5 3 4 Fabricators . | . . . . . . . . . . . Repair Stations 2 | . . . . . . 2 . . . . Recycling Units 8 | . 1 . . . 1 1 . 5 . . Scanalyzers . | . . . . . . . . . . . Garrison Access 2 | . . . . . . 1 . . 1 . Total Hacks 97 | . 16 . 20 . 11 12 2 18 8 10 Successful 47 | . 9 . 10 . 5 8 1 9 3 2 Failed 50 | . 7 . 10 . 6 4 1 9 5 8 Catastrophic 14 | . 1 . 4 . 2 1 . 3 . 3 Database Lockouts . | . . . . . . . . . . . Manual 36 | . 10 . 7 . 2 5 . 10 2 . Terminals 80 | . 15 . 20 . 10 4 2 12 7 10 Fabricators . | . . . . . . . . . . . Repair Stations 5 | . . . . . . 5 . . . . Recycling Units 10 | . 1 . . . 1 2 . 6 . . Scanalyzers . | . . . . . . . . . . . Garrison Access 2 | . . . . . . 1 . . 1 . Terminal Hacks 32 | . 8 . 9 . 4 2 1 4 2 2 Record 1 | . 1 . . . . . . . . . Part Schematic 1 | . . . . . . . . . 1 . Robot Analysis 5 | . 2 . 2 . 1 . . . . . Prototype ID Bank 4 | . 1 . 1 . 1 . . 1 . . Open Door 1 | . . . . . . . 1 . . . Branch Access Points 2 | . 1 . 1 . . . . . . . Emergency Access Points 1 | . . . . . . . . . . 1 Terminal Index 1 | . 1 . . . . . . . . . Fabricator Index 1 | . . . . . . . . 1 . . Recycling Unit Index 1 | . . . . . . 1 . . . . Alert Level 2 | . . . 1 . . . . . 1 . Unreport Threat 5 | . . . 2 . 1 1 . 1 . . Locate Traps 2 | . 1 . . . 1 . . . . . Dispatch Records 1 | . . . . . . . . 1 . . Recall Investigation 1 | . . . 1 . . . . . . . Hauler Manifests 1 | . 1 . . . . . . . . . Zone Layout 1 | . . . 1 . . . . . . . Garrison Registry 1 | . . . . . . . . . . 1 Fabricator Hacks . | . . . . . . . . . . . Repair Station Hacks 4 | . . . . . . 4 . . . . Scan Component 2 | . . . . . . 2 . . . . Repair 2 | . . . . . . 2 . . . . Recycling Unit Hacks . | . . . . . . . . . . . Scanalyzer . | . . . . . . . . . . . Garrison Access Hacks 2 | . . . . . . 1 . . 1 . Unlock Access 2 | . . . . . . 1 . . 1 . Unauthorized Hacks 9 | . 1 . 1 . 1 1 . 5 . . Terminals 1 | . . . 1 . . . . . . . Operators 1 | . . . 1 . . . . . . . Fabricators . | . . . . . . . . . . . Repair Stations . | . . . . . . . . . . . Recycling Units 8 | . 1 . . . 1 1 . 5 . . Tunnel 8 | . 1 . . . 1 1 . 5 . . Scanalyzers . | . . . . . . . . . . . Garrison Access . | . . . . . . . . . . . Data Cores Recovered . | . . . . . . . . . . . Used . | . . . . . . . . . . . Hacking Detections 30 | . 6 . 6 . 2 3 . 5 4 4 Full Trace Events 5 | . . . . . . . . . 1 4 Feedback Events 1 | . . . . . . . . . . 1 Corruption 1 | . . . . . . . . . . 1 Feedback Blocked . | . . . . . . . . . . . Robot Schematics Acquired . | . . . . . . . . . . . Robots Built . | . . . . . . . . . . . Authchips . | . . . . . . . . . . . Time . | . . . . . . . . . . . Total Robot Build Rating . | . . . . . . . . . . . Part Schematics Acquired 1 | . . . . . . . . . 1 . Parts Built . | . . . . . . . . . . . Authchips . | . . . . . . . . . . . Time . | . . . . . . . . . . . Total Part Build Rating . | . . . . . . . . . . . Parts Repaired 2 | . . . . . . 2 . . . . Time 88 | . . . . . . 88 . . . . Parts Recycled . | . . . . . . . . . . . Recycled Matter . | . . . . . . . . . . . Retrieved Matter . | . . . . . . . . . . . Retrieved Components . | . . . . . . . . . . . Parts Scanalyzed . | . . . . . . . . . . . Part Schematics Acquired . | . . . . . . . . . . . Parts Damaged . | . . . . . . . . . . . Bothacking | -11 -10 -10 -9 -9 -8 -8 -8 -8 -6 -6 ------------ Run | Scr Mat Min Mat Min Mat Sto Gar Rec Fac Gar Used RIF Installer 2 | . . . . . . . 2 . . . Command Fork 1 | . . . . . . . 1 . . . Robots Hacked 1 | . . . . . . . . . 1 . Non-combat . | . . . . . . . . . . . Combat 1 | . . . . . . . . . 1 . Robot Hacks Applied 1 | . . . . . . . . . 1 . amplify_resonance 1 | . . . . . . . . . 1 . Relay Couplers Released 9 | . . . . . . . 4 . . 5 Machine Destruction 9 | . . . . . . . 4 . . 5 Attached 1 | . . . . . . . . . 1 . Fabnet Peak Effective % . | . . . . . . . . . . . Robots Rewired . | . . . . . . . . . . . Allies Hacked . | . . . . . . . . . . . Hacks Repelled . | . . . . . . . . . . . Allies | -11 -10 -10 -9 -9 -8 -8 -8 -8 -6 -6 -------- Run | Scr Mat Min Mat Min Mat Sto Gar Rec Fac Gar Total Allies 2 | . . . . . . . 2 . . . Largest Group 2 | . . . . . . . 2 2 . . Highest-Rated Group 70 | . . . . . . . 70 70 . . Highest-Rated Ally 39 | . . . . . . . 39 39 . . Total Orders . | . . . . . . . . . . . Ally Attacks 116 | . . . . . . . 10 106 . . Total Damage 1047 | . . . . . . . 125 922 . . Kills 26 | . . . . . . . 3 23 . . Allies Corrupted . | . . . . . . . . . . . Allies Melted . | . . . . . . . . . . . Intel | -11 -10 -10 -9 -9 -8 -8 -8 -8 -6 -6 ------- Run | Scr Mat Min Mat Min Mat Sto Gar Rec Fac Gar Robot Analysis Total 5 | . 2 . 2 . 1 . . . . . Derelict Logs Recovered 2 | . . 1 . 1 . . . . . . Drone Launches . | . . . . . . . . . . . Drone Recoveries . | . . . . . . . . . . . Exploration | -11 -10 -10 -9 -9 -8 -8 -8 -8 -6 -6 ------------- Run | Scr Mat Min Mat Min Mat Sto Gar Rec Fac Gar Turns Passed 6890 | 63 1043 817 619 185 518 977 753 750 1093 72 Spaces Moved 3334 | 52 621 485 403 113 300 320 249 286 375 130 Core 170 | 2 . . . . . . . . 38 130 Treads 1075 | . 10 . . . . 266 249 286 264 . Legs . | . . . . . . . . . . . Wheels 2089 | 50 611 485 403 113 300 54 . . 73 . Hover . | . . . . . . . . . . . Flight . | . . . . . . . . . . . Fastest Speed 50 | 50 95 155 110 110 115 110 240 243 50 50 Average Speed 161 | 88 135 155 110 110 127 211 242 243 202 50 Slowest Speed 570 | 95 240 155 125 155 170 240 320 243 570 50 Overloaded Moves . | . . . . . . . . . . . Propulsion Burnouts . | . . . . . . . . . . . Robots Hopped . | . . . . . . . . . . . Cave-ins Triggered . | . . . . . . . . . . . Exploration Rate (%) 45 | 4 92 90 41 40 30 37 36 84 17 24 Regions Visited 10 Branch Regions 4 Pre-discovered Areas 9 | . 1 . . . 1 2 . 5 . . Known Exits Taken 5 | . 1 . 1 1 . 1 . . 1 . Unknown Exits Taken 4 | 1 . 1 . . 1 . . 1 . . Scrap Searched 1 | . . 1 . . . . . . . . Spaces Dug 81 | . 5 . 1 7 . . 1 . 67 . Terrain Destroyed 207 | . 16 15 2 33 . . 1 . 140 . Melee 2 | . 1 . 1 . . . . . . . Projectile . | . . . . . . . . . . . AOE 205 | . 15 15 1 33 . . 1 . 140 . Terrain Rammed . | . . . . . . . . . . . Walls Destroyed . | . . . . . . . . . . . Machines Disabled . | . . . . . . . . . . . Actions | -11 -10 -10 -9 -9 -8 -8 -8 -8 -6 -6 --------- Run | Scr Mat Min Mat Min Mat Sto Gar Rec Fac Gar Total 4153 | 63 731 524 513 148 374 507 314 305 539 135 Wait 213 | . 16 19 32 13 1 97 8 2 25 . Move 3325 | 51 620 484 402 112 299 319 248 285 375 130 Hop . | . . . . . . . . . . . Pick Up 79 | 4 16 3 15 1 14 10 8 1 7 . Fast Attach 39 | 7 5 . 4 . 5 5 2 1 10 . Attach 52 | . 3 1 4 4 9 7 7 . 15 2 Detach 3 | . 1 . . . . . . . 2 . Swap 42 | . 5 . 6 3 5 4 2 . 17 . Drop 47 | . 2 3 13 1 12 9 1 . 6 . Fire 347 | 1 59 14 36 14 29 56 38 16 82 2 Melee 6 | . 4 . 1 . . . . . . 1 Ram . | . . . . . . . . . . . Kick . | . . . . . . . . . . . Crush . | . . . . . . . . . . . Escape Stasis . | . . . . . . . . . . . Rewire . | . . . . . . . . . . . Trap . | . . . . . . . . . . . Miscellaneous . | . . . . . . . . . . . Route ------- -11/Scrapyard -10/Materials (discovered 3 exits: *Mat x2 / *Min) -10/Mines (discovered 2 exits: *Mat x2) -9/Materials (discovered 3 exits: *Mat / *Min x2) -9/Mines -8/Materials (discovered 2 exits: [*Fac] / *Sto) -8/Storage -8/Garrison -8/Recycling -6/Factory -6/Garrison (discovered 3 exits: [Fac x3]) History --------- Turn | Location | Event 40 | -11/Scrapyard | Discovered new exit (range 14) 64 | -11/Scrapyard | Entered Materials 138 | -10/Materials | Identified exit to Mines 315 | -10/Materials | Build established: Mutant 472 | -10/Materials | Discovered new exit (range 8) 850 | -10/Materials | Discovered new exit (range 10) 1107 | -10/Materials | Entered Mines 1250 | -10/Mines | YI-UF0 nonchalantly dropped a Grenade Launcher on the ground 1436 | -10/Mines | Learned 4 Materials zone layouts 1439 | -10/Mines | Discovered new exit (range 12) 1894 | -10/Mines | Discovered new exit (range 4) 1924 | -10/Mines | Entered Materials 1924 | -9/Materials | Evolved 2 slots: Propulsion x1, Utility x1 1925 | -9/Materials | Identified exit to Materials 1930 | -9/Materials | Identified exit to Mines 2221 | -9/Materials | Build established: Scavenger-Mutant 2543 | -9/Materials | Entered Mines 2550 | -9/Mines | Assembled infested the area 2558 | -9/Mines | Learned Materials emergency access door positions 2562 | -9/Mines | Met 8R-AWN 2569 | -9/Mines | Attacked by 8R-AWN 2717 | -9/Mines | Discovered exit to Materials (range 11) 2728 | -9/Mines | Entered Materials 2728 | -8/Materials | Evolved 2 slots: Utility x1, Weapon x1 2949 | -8/Materials | Discovered new exit (range 5) 3244 | -8/Materials | Discovered new exit (range 2) 3246 | -8/Materials | Entered Storage 3253 | -8/Storage | Learned location of Armory (-3) 3385 | -8/Storage | Lost 3 parts (1n1u1w) 3708 | -8/Storage | Build established: Scavenger-Tank 3912 | -8/Storage | Repaired Hvy. Laser? 3937 | -8/Storage | Repaired Hvy. Laser 4201 | -8/Storage | Identified exit to Garrison 4223 | -8/Storage | Entered Garrison 4400 | -8/Garrison | Core integrity fell below 50% 4434 | -8/Garrison | Installed Relay Interface Framework 4493 | -8/Garrison | Garrison Relay disabled 4522 | -8/Garrison | Triggered checkpoint 4607 | -8/Garrison | Triggered checkpoint 4632 | -8/Garrison | Triggered checkpoint 4689 | -8/Garrison | Lost 4 parts (2n1u1w) 4756 | -8/Garrison | Triggered checkpoint 4830 | -8/Garrison | Expanded RIF knowledge: Command Fork 4899 | -8/Garrison | Rescued a captive Derelict 4909 | -8/Garrison | Rescued a captive Derelict 4920 | -8/Garrison | Triggered checkpoint 4951 | -8/Garrison | Discovered new exit (range 10) 4976 | -8/Garrison | Entered Recycling 4976 | -8/Recycling | Accompanied by 2 allies 4995 | -8/Recycling | Spotter reported a threat 4995 | -8/Recycling | Spotter reported a threat 5001 | -8/Recycling | Spotter reported a threat 5002 | -8/Recycling | Spotter reported a threat 5003 | -8/Recycling | Spotter reported a threat 5050 | -8/Recycling | Spotter reported a threat 5051 | -8/Recycling | Spotter reported a threat 5056 | -8/Recycling | Spotter reported a threat 5104 | -8/Recycling | Spotter reported a threat 5106 | -8/Recycling | Spotter reported a threat 5124 | -8/Recycling | Spotter reported a threat 5124 | -8/Recycling | Spotter reported a threat 5159 | -8/Recycling | Spotter reported a threat 5168 | -8/Recycling | Spotter reported a threat 5177 | -8/Recycling | Spotter reported a threat 5212 | -8/Recycling | Spotter reported a threat 5228 | -8/Recycling | Spotter reported a threat 5280 | -8/Recycling | Spotter reported a threat 5280 | -8/Recycling | Spotter reported a threat 5290 | -8/Recycling | Spotter reported a threat 5333 | -8/Recycling | Spotter reported a threat 5345 | -8/Recycling | Spotter reported a threat 5385 | -8/Recycling | Spotter reported a threat 5390 | -8/Recycling | Spotter reported a threat 5419 | -8/Recycling | Spotter reported a threat 5442 | -8/Recycling | Spotter reported a threat 5464 | -8/Recycling | Spotter reported a threat 5470 | -8/Recycling | Spotter reported a threat 5472 | -8/Recycling | Spotter reported a threat 5517 | -8/Recycling | Spotter reported a threat 5571 | -8/Recycling | Spotter reported a threat 5571 | -8/Recycling | Spotter reported a threat 5571 | -8/Recycling | Spotter reported a threat 5571 | -8/Recycling | Spotter reported a threat 5617 | -8/Recycling | Spotter reported a threat 5624 | -8/Recycling | Spotter reported a threat 5624 | -8/Recycling | Spotter reported a threat 5624 | -8/Recycling | Spotter reported a threat 5666 | -8/Recycling | Spotter reported a threat 5666 | -8/Recycling | Spotter reported a threat 5668 | -8/Recycling | Discovered new exit (range 10) 5677 | -8/Recycling | Spotter reported a threat 5677 | -8/Recycling | Spotter reported a threat 5719 | -8/Recycling | Spotter reported a threat 5719 | -8/Recycling | Spotter reported a threat 5726 | -8/Recycling | Entered Factory 5726 | -6/Factory | Evolved 4 slots: Power x1, Propulsion x1, Utility x2 6025 | -6/Factory | Build established: Scavenger-Skirmisher 6076 | -6/Factory | Search patrols dispatched 6426 | -6/Factory | Search patrols dispatched 6511 | -6/Factory | Lost 6 parts (2p1n3u) 6659 | -6/Factory | Destroyed 11 combat bots 6667 | -6/Factory | Lost 5 parts (1p2n2w) 6776 | -6/Factory | First assault squad dispatched 6800 | -6/Factory | Released all parts (12) 6819 | -6/Factory | Core integrity fell below 50% 6819 | -6/Factory | Identified exit to Garrison 6819 | -6/Factory | Entered Garrison 6839 | -6/Garrison | Discovered new exit (range 45) 6839 | -6/Garrison | Discovered new exit (range 58) 6839 | -6/Garrison | Discovered new exit (range 56) 6888 | -6/Garrison | Core integrity fell below 20% 6891 | -6/Garrison | Destroyed by G-50 Soldier with Heavy Laser Last Messages --------------- Map updated. Feedback: System corruption (+1%). 06833_ ALERT: Suspicious activity at Terminal G004. Transmitting hostile system tracking data. 06839_ Connecting with Garrison Terminal... 06839_ EXIT=FOUND >>Download(Registry) Retrieving Garrison registry... Downloaded map data. Downloaded component registry. Downloaded security status. 06839_ ALERT: Suspicious activity at Terminal G001. Transmitting hostile system tracking data. 06867_ Connecting with Garrison Terminal... 06867_ ALERT: Suspicious activity at Terminal G003. Transmitting hostile system tracking data. 06874_ System corrupted: Heat flow error (+285). 06888_ Critical hit (Burn: +37). 06889_ G-50 Soldier destroyed. 06891_ Machine disabled. Map ----- +----------------------------------------------------+ | ????????####"""""####???????????????? | | ????????## #"""""# ##???????????????? | | ????????## + + ##???????????????? | | ????????## # # ##???????????????? | | ????????## "" "" ##???????????????? | | ????????## " " ##???????????????? | | ????????#" " " "#???????????????? | | ????????#" "! " "#???????????????? | | ????????#" " " "#???????????????? | | ????????#" #! # "#???????????????? | | ????????#"" + + ""#????????????#### | | ????????### # # ###????????????# # | | ????????##### #####????????????#++# | | ?????????#### ####?????????????# | | ????????????# ###????????????????# # | | ????????????# #???######?????????# # | | ????????????#p##### #?????????# # | | ????????????# + #??????#### # | | ????????????#p##### #??????#" # # | | ????????????# #???### #??????#" + " | | ????????????# ####### #?####?#" + " | | ????????##### ## #?#""#?#" + " | | ????????# ## #?# T#?#" # # | | ????????# g ## #?# "#?#### # | | ????????# g! ## ### ####### # | | ?????#### @"%= ## | | ?????#""" """* ## | | ?????###" " ######## ####### # | | ???????#" #?????#! !#???## # | | ???????#" Y #?????#! !#???#T # | | ???????#" " #?????#! !#???## # | | ???????#""""""### #?????##+##????# # | | ???????########?# ######## #?????# + | | ????????????????# #?????# # | | ???????????????## ##########?????# # | | ???????????????#" #??????????????# # | | ???????????????#T #?????????###### | | ???????????????#""#?????????#" ^ | | ???????????????####?????????#"T"###+# | | ????????????????????????????#####?# # | | ??????????????????????????????????# # | | ??????????????????????????????????# | | ??????????????????????????????????### | | ????????????????????????????????????? | | ????????????????????????????????????? | | ????????????????????????????????##### | | ????????????????????????????????# | | ????????????????????????????????# | | ????????????????????????????????# | | ????????????????????????????????# # | +----------------------------------------------------+ Best States ------------- Heat Dissipation 75 Energy Generation 31 Energy Capacity 360 Matter Stores 300 Matter Capacity 300 Sight Range 16 Robot Scan Range 15 Terrain Scan Density 10 Armor Coverage 225 Evasion (%) 50 Targeting Accuracy 6 Target Analysis 5 Recoil Reduction 4 Relay Coupler Types 1 Relay Coupler Value 24 Item Schematics ----------------- Hvy. Treads | -6/Factory | Hacked Robot Schematics ------------------ None Fabricated ------------ Nothing Alien Tech Used ----------------- None Achievements -------------- None Challenges ------------ None Game ------ Seed NuclearChainFlail Manual? 0 Play Time 01:00:21 Cumulative 188.5 hours Start 2023.01.02 @ 00:03:39 End 2023.01.04 @ 21:25:08 Sessions 2 Manual Loads 0 Difficulty Rogue Special Mode None Game No. 261 Rogue 261 Adventurer 0 Explorer 0 Win Type - Total 5 Types 1/0/3/0/0/0/1/0/0 Lore% 71 Gallery% 83 Achievement% 64 Wizard Run 0 Options --------- ASCII 0 Keyboard 0 Movement Numpad Keybinds 0 Fullscreen 1 Font 18/SmallcapsGlow Map View 76x50 Tactical HUD 1 Map Filters NONE Filters NONE Steam 1 RUN: cb4e3837-7c3e-468f-a5dc-ee4d921b190a